 Dungeon Crawl Stone Soup version 0.27-a0-705-ga0013940fb (webtiles) character file.

Game seed: 17292836345634707791

56 Cheivey the Poker (level 3, -8/34 HPs)
             Began as a Minotaur Berserker on Mar 22, 2021.
             Was a Believer of Trog.
             Mangled by a worm (9 damage)
             ... on level 2 of the Dungeon.
             The game lasted 00:01:59 (1692 turns).

Cheivey the Poker (Minotaur Berserker)              Turns: 1692, Time: 00:02:00

Health: -8/34      AC:  5    Str: 22    XL:     3   Next: 71%
Magic:  2/2        EV: 12    Int:  4    God:    Trog [**....]
Gold:   85         SH:  0    Dex:  9    Spells: 2/2 levels left

rFire    . . .     SeeInvis .   a - +0 spear
rCold    . . .     Faith    .   (no shield)
rNeg     . . .     Spirit   .   b - +0 animal skin
rPois    .         Reflect  .   (helmet restricted)
rElec    .         Harm     .   (no cloak)
rCorr    .         Rampage  .   (no gloves)
Will     .....                  f - +2 pair of boots {Fly}
Stlth    +.........             (no amulet)
HPRegen  0.11/turn              (no ring)
MPRegen  0.08/turn              (no ring)

@: flying
A: horns 2, retaliatory headbutt
a: Stop Flying, Renounce Religion, Berserk, Trog's Hand


You were on level 2 of the Dungeon.
You worshipped Trog.
Trog was pleased with you.
You visited 1 branch of the dungeon, and saw 2 of its levels.

You collected 85 gold pieces.

Inventory:

Hand Weapons
 a - a +0 spear (weapon)
Armour
 b - a +0 animal skin (worn)
 f - a +2 pair of boots of flying (worn)
Scrolls
 c - a scroll of torment {unknown}
Potions
 e - 2 potions of curing


   Skills:
 + Level 4.4 Fighting
 + Level 4.4 Polearms
 + Level 3.5 Armour
 - Level 2.1 Dodging


You had 2 spell levels left.
You didn't know any spells.
Your spell library was empty.

Dungeon Overview and Level Annotations

Branches:
Dungeon (2/15)

Altars:
Fedhas
Ru
Trog


Innate Abilities, Weirdness & Mutations

You have a pair of horns on your head.
You reflexively headbutt those who attack you in melee.


Message History

You are too injured to fight recklessly!
You are too injured to fight recklessly!
You are too injured to fight recklessly!
You are too injured to fight recklessly!
You are too injured to fight recklessly!
You are too injured to fight recklessly!
You are too injured to fight recklessly!
You are too injured to fight recklessly!
You are too injured to fight recklessly!
You are too injured to fight recklessly!
You are too injured to fight recklessly!
You are too injured to fight recklessly!
You are too injured to fight recklessly!
You are too injured to fight recklessly!
You are too injured to fight recklessly!
You hit the worm.
The worm is moderately wounded.
The worm bites you.
You hit the worm.
The worm is moderately wounded.
The worm barely misses you.
You hit the worm but do no damage. You headbutt the worm!
The worm is severely wounded.
The worm closely misses you.
You hit the worm. Your headbutt misses the worm.
The worm is almost dead.
You barely miss the worm.
The worm is almost dead.
The worm closely misses you.
You hit the worm.
The worm is almost dead.
The worm closely misses you.
You hit the worm. Your headbutt misses the worm.
The worm is almost dead.
The worm bites you!
* * * LOW HITPOINT WARNING * * *
You barely miss the worm.
The worm is almost dead.
The worm bites you!
You die...

#........#
#####.##.###.#
###)..#####.###.##
##)...)..##.......#
#)..._....##......#
##.........##......#
#....###....#.......
#.†w##y##...#......#
#..@.###....#......#
#...........#......#
##.........##.######
##.......###.#
####.######†## ##.#
##...## # ###..#
##.....##
#.#.#.####.......##
#.....###.>.......##


You could see a moth of wrath and a worm (berserk).

Vanquished Creatures
  An adder (D:2)
  4 worms (D:2)
  5 goblins
  4 hobgoblins
  6 kobolds (D:1)
  2 oozes
  3 quokkas (D:1)
  A ball python (D:1)
  2 bats (D:1)
  A frilled lizard (D:1)
  5 rats
34 creatures vanquished.

Notes
Turn   | Place    | Note
-------+----------+-------------------------------------------
     0 | D:1      | Cheivey the Minotaur Berserker began the quest for the Orb.
     0 | D:1      | Reached XP level 1. HP: 19/19 MP: 0/0
    87 | D:1      | Reached XP level 2. HP: 17/27 MP: 1/1
   559 | D:1      | Reached ** piety under Trog
  1111 | D:1      | Identified a scroll of acquirement
  1111 | D:1      | Acquired a +2 pair of boots of flying
  1202 | D:2      | Found a sacrificial altar of Ru.
  1225 | D:2      | Reached XP level 3. HP: 33/33 MP: 2/2
  1590 | D:2      | Found a blossoming altar of Fedhas.
  1667 | D:2      | Noticed a moth of wrath
  1670 | D:2      | Found a bloodstained altar of Trog.
  1691 | D:2      | HP: 1/34 [worm (13)]
  1692 | D:2      | Mangled by a worm

Illustrated notes

Levels and vault maps discovered:
D:1:      dpeg_arrival_chambers_temple_mockup, layout_basic
D:2:      layout_loops_corners, nicolae_ru_the_path_less_chosen, minitemple,
          tgw_trog, fedhas_altar_fruit_tree, uniq_terence

Skill      XL: |  1  2 |
---------------+-------+-----
Fighting       | 4 |  4.4
Polearms       | 4 |  4.4
Armour         | 3 |  3.5
Dodging        | |  2.1

Action                   || total
-------------------------++-------
Melee: Spear             ||    96
       Headbutt          ||    16
 Abil: Stop Flying       ||     1
       Evoke Flight      ||     1
  Use: Potion            ||     3
       Scroll            ||     2
 Stab: Sleeping          ||     1
Armor: Animal skin       ||    11
Dodge: Dodged            ||    39

Table legend: (Time is in decaauts)
 A = Elapsed time spent in this place.
 B = Non-inter-level travel time spent in this place.
 C = Inter-level travel time spent in this place.
 D = Time resting spent in this place.
 E = Time spent auto-exploring this place.
 F = Levels seen in this place.
 G = Mean time per level.
                   A        B        C        D        E       F      G
               +--------+--------+--------+--------+--------+-----+--------+
         Total |   1666 |   1634 |     32 |      0 |   1452 |   2 |  833.0 |
       Dungeon |   1666 |   1634 |     32 |      0 |   1452 |   2 |  833.0 |
               +--------+--------+--------+--------+--------+-----+--------+

Top non-repeatable levels by time:
     D:1: 1160 daAuts
     D:2: 506 daAuts
